cohdb
Replays
Latest Replays
All Replays
Popular Replays
Top Player Replays
Match Explorer
How It Works
Community
CoH3 Stats
Reddit
Sign in to upload your games and track your stats! →
Sign in with Steam
Match 45631341
Unlisted
Match 45631341
Overview
Messages
Build Orders
End
Panzergrenadier Squad
Selects Panzerjäger Kommand Battlegroup
250 Light Carrier
Selects Blockade Equipment
Construct Light Support Kompanie
Assault Grenadier Squad
2.5-tonne Medical Truck
Assault Grenadier Squad
Combat Half-tracks
Construct Mechanized Kompanie
Support Armor Elements
Selects Tank Busters
Selects Defensive Positions
StuG III D Assault Gun
Veteran Squad Leaders
Vehicle Survival Package
Construct Panzerarmee Kommand
Panzer III L Medium Tank
TeamSpeakUser
LITTLE TRICKSTER
Da Cracka Whacka
Mr. Refreshing
BabyFartsMcGee
Sniffles213
치즈버터
eskalon
0
0
Comments
sign in to comment!
No comments posted yet!